 Dungeon Crawl Stone Soup version 0.31-a0-1547-g618ab1f346 (webtiles) character file.

Game seed: 6469901189369079101

128853 Flugslaktarn the Slayer (level 16, -3/174 HPs)
             Began as a Minotaur Fighter on Jan 2, 2024.
             Was a Priest of Ashenzari.
             Slain by a black mamba (11 damage)
             ... led by a naga ritualist
             ... on level 4 of the Snake Pit.
             The game lasted 00:15:57 (25007 turns).

Flugslaktarn the Slayer (Minotaur Fighter)         Turns: 25007, Time: 00:15:58

Health: -3/174     AC: 27    Str: 28    XL:     16   Next: 49%
Magic:  7/15       EV: 11    Int:  5    God:    Ashenzari [***...]
Gold:   1820       SH: 13    Dex: 11    Spells: 15/15 levels left

rFire   . . .        T - +3 broad axe (elec)
rCold   . . .        b - +0 kite shield "Unveiling Oracle" {Comp, Fort} (curse)
rNeg    + . .        w - +1 plate armour {rN+}
rPois   +            P - +2 hat of Sunlih {rElec Will+}
rElec   +            R - scarf "Esoteric Foul Odours" {repulsion, Slay+2, Melee, Sorc} (curse)
rCorr   .            A - +2 pair of gloves of Ashenzari's Gloom {Self, Cun} (curse)
SInv    +            U - +1 pair of boots {rampage}
Will    +++..        K - amulet "Astral Annoyance" {Regen+, Self, Melee} (curse) Stlth
                     o - ring of Desmomancy {rPois, Bglg, Fort} (curse)
HPRegen 1.29/turn    m - ring of willpower
MPRegen 0.14/turn

%: repel missiles, clarity, rampage
@: lethally poisoned (-3 -> -12)
A: horns 2, retaliatory headbutt
a: Renounce Religion, Curse Item, Shatter the Chains


You were on level 4 of the Snake Pit.
You worshipped Ashenzari.
Ashenzari was most pleased with you.
You visited 4 branches of the dungeon, and saw 26 of its levels.
You also visited: Gauntlet and Volcano.

You collected 2495 gold pieces.
You spent 675 gold pieces at shops.

Inventory:

Hand Weapons
 M - a +1 antimagic war axe
   (You found it on level 11 of the Dungeon)
 S - a +1 war axe of electrocution
   (You took it off an orc on level 14 of the Dungeon)
 T - a +3 broad axe of electrocution (weapon)
   (You took it off an orc warrior on level 2 of the Orcish Mines)
Missiles
 c - 4 throwing nets
Armour
 b - the cursed +0 kite shield "Unveiling Oracle" (worn) {Comp, Fort}
   (You took it off a gnoll sergeant on level 6 of the Dungeon)

   It has a curse which improves the following skills: Companions: Summonings
   and Necromancy.
   Fortitude: Armour and Shields.
 w - a +1 plate armour of positive energy (worn)
   (You found it on level 5 of the Dungeon)
 x - a +2 cloak of preservation
   (You bought it in a shop on level 7 of the Dungeon)
 A - the cursed +2 pair of gloves of Ashenzari's Gloom (worn) {Self, Cun}
   (You found it on level 8 of the Dungeon)

   It has a curse which improves the following skills: Introspection: Fighting
   and Spellcasting.
   Cunning:   Dodging and Stealth.
 P - the +2 hat of Sunlih (worn) {rElec Will+}
   (You found it in a Gauntlet)

   rElec:     It insulates you from electricity.
   Will+:     It increases your willpower.
 R - the cursed scarf "Esoteric Foul Odours" (worn) {repulsion, Slay+2, Melee, Sorc}
   (You acquired it on level 3 of the Dungeon)

   Slay+2:    It affects your accuracy & damage with ranged weapons and melee
   (+2).
   It has a curse which improves the following skills: Melee Combat: Short
   Blades, Long Blades, Axes, Maces & Flails, Polearms, Staves and Unarmed
   Combat.
   Sorcery:   Conjurations and Alchemy.
 U - a +1 pair of boots of rampaging (worn)
   (You bought it in a shop on level 2 of the Orcish Mines)
Jewellery
 a - a ring of wizardry
   (You found it on level 3 of the Lair of Beasts)
 m - a ring of willpower (right hand)
   (You found it on level 14 of the Dungeon)
 o - the cursed ring of Desmomancy (left hand) {rPois, Bglg, Fort}
   (You found it on level 10 of the Dungeon)

   [ring of poison resistance]

   rPois:     It protects you from poison It has a curse which improves the
   following skills: Beguiling: Hexes and Translocations.
   Fortitude: Armour and Shields.
 u - a ring of fire
   (You found it on level 4 of the Dungeon)
 K - the cursed amulet "Astral Annoyance" (around neck) {Regen+, Self, Melee}
   (You found it on level 12 of the Dungeon)

   [amulet of regeneration]

   Regen+:    It increases your rate of health regeneration.
   It has a curse which improves the following skills: Introspection: Fighting
   and Spellcasting.
   Melee Combat: Short Blades, Long Blades, Axes, Maces & Flails, Polearms,
   Staves and Unarmed Combat.
Wands
 e - a wand of mindburst (36)
   (You found it on level 8 of the Dungeon)
 g - a wand of digging (2)
   (You found it on level 10 of the Dungeon)
 y - a wand of iceblast (22)
   (You found it on level 7 of the Dungeon)
 D - a wand of acid (17)
   (You found it on level 9 of the Dungeon)
 H - a wand of charming (28)
   (You found it on level 11 of the Dungeon)
Scrolls
 j - 3 scrolls of revelation
 l - 5 scrolls of poison
 r - 22 scrolls of identify
 t - 9 scrolls of teleportation
 z - 3 scrolls of blinking
 C - 3 scrolls of fog
 G - 4 scrolls of immolation
 N - a scroll of butterflies
Potions
 d - a potion of might
 f - a potion of cancellation
 h - 5 potions of haste
 i - 5 potions of magic
 n - 3 potions of resistance
 p - 2 potions of mutation
 q - 3 potions of curing
 s - 3 potions of invisibility
 v - 3 potions of enlightenment
 B - 5 potions of attraction
 E - 3 potions of ambrosia
 I - 2 potions of lignification
Miscellaneous
 F - a condenser vane
   (You found it on level 12 of the Dungeon)
 L - a phantom mirror
   (You found it on level 5 of the Lair of Beasts)
 O - a sack of spiders
   (You found it in a Gauntlet)
 Q - a phial of floods
   (You found it in a Gauntlet)


   Skills:
 * Level 22.1(24.0) Fighting
 - Level 15.6(17.7) Axes
 + Level 16.2(18.3) Armour
 - Level 9.5(11.0) Dodging
 + Level 15.2(17.3) Shields


You had 15 spell levels left.
You didn't know any spells.
Your spell library contained the following spells:

 Spells                   Type           Power      Damage    Failure   Level
 Necrotise                Necr           0%         1d4       97%         1
 Slow                     Hex            0%         N/A       97%         1
 Sandblast                Erth           0%         2d4       98%         1
 Ensorcelled Hibernation  Hex/Ice        0%         N/A       99%         2
 Confusing Touch          Hex            0%         N/A       100%        3
 Dazzling Flash           Conj/Hex       0%         N/A       100%        3
 Fugue of the Fallen      Necr           0%         N/A       100%        3
 Passwall                 Erth           0%         N/A       100%        3
 Sigil of Binding         Hex            0%         N/A       100%        3
 Stone Arrow              Conj/Erth      0%         3d7       100%        3
 Tukima's Dance           Hex            0%         N/A       100%        3
 Vampiric Draining        Necr           0%         2d6       100%        3
 Volatile Blastmotes      Fire/Tloc      0%         2d10      100%        3
 Anguish                  Hex/Necr       0%         N/A       100%        4
 Animate Armour           Summ/Erth      0%         N/A       100%        4
 Brom's Barrelling Bould  Conj/Erth      0%         2d3       100%        4
 Dimensional Bullseye     Hex/Tloc       0%         N/A       100%        4
 Iskenderun's Mystic Bla  Conj/Tloc      0%         2d3       100%        4
 Martyr's Knell           Necr/Summ      0%         N/A       100%        4
 Curse of Agony           Necr           0%         N/A       100%        5
 Starburst                Conj/Fire      0%         6d3       100%        6
 Lehudib's Crystal Spear  Conj/Erth      0%         10d2      100%        8
 Maxwell's Capacitive Co  Air            0%         ∞         100%        8


Dungeon Overview and Level Annotations

Branches:
Dungeon (15/15)            Temple (0/1) D:4            Lair (5/5) D:8
  Swamp (0/4) Lair:3        Snake (4/4) Lair:2        Slime (0/5) Lair:5
    Orc (2/2) D:9             Elf (0/3) Orc:2        Vaults (0/5) D:14
 Depths (0/4) D:15        Volcano (visited)         Gauntlet (visited)

Altars:
Ashenzari
Elyvilon
Fedhas
Gozag
Vehumet
Xom
The Shining One
Jiyva

Shops:
D:7 *   D:11 *   D:13 [   Orc:2 *([[

Portals:
Trove: D:11 (give +2 shadow dragon scales)

Annotations:
D:7 2 transporters, mopl's ghost, novice DjSh
D:10 3 runed translucent doors, Keten's ghost, novice DrSh
D:12 1 runed translucent door, Solx's ghost, journeyman HuGl
Lair:1 1 runed translucent door, p0werm0de's ghost, journeyman MiFi


Innate Abilities, Weirdness & Mutations

You have a pair of horns on your head.
You reflexively headbutt those who attack you in melee.


Message History

You slice the naga ritualist!!
You feel very sick.
You hear an angry hiss.
You are more poisoned. x2
The naga ritualist hits you but does no damage.
The naga ritualist misses you.
You hear a shout!
You hit the naga ritualist.
The naga ritualist is heavily wounded.
You hit the naga ritualist.
Lightning courses through the naga ritualist!
You feel very sick.
You are more poisoned. x2
The naga ritualist invokes the aid of its god against you.
You resist with almost no effort. The naga ritualist spits poison at you.
The splash of poison is repelled.
The naga ritualist hits you with a +0 war axe.
You block the naga ritualist's attack.
You slash the naga ritualist!
Lightning courses through the naga ritualist!
You kill the naga ritualist!
You slash the naga ritualist!
Lightning courses through the naga ritualist!
You kill the naga ritualist!
You feel very sick.
You are more poisoned.
The naga ritualist hits you but does no damage.
You rampage towards the naga ritualist!
A black mamba comes into view.
You slice the naga ritualist!!
The naga ritualist is moderately wounded.
You feel very sick.
You are more poisoned.
The naga warrior spits poison at you.
The splash of poison is repelled.
The naga ritualist spits poison at you.
The splash of poison is repelled.
You slice the naga ritualist!! You headbutt the naga ritualist.
The naga ritualist is almost dead.
You feel very sick.
The naga warrior roars a battlecry!
The naga ritualist goes into a battle-frenzy!
You slice the naga ritualist!!
You kill the naga ritualist!
You feel very sick.
You feel very sick. The black mamba bites you!
Things that are here:
a +0 war axe; a +0 robe; a black mamba corpse You feel sick.
You block the black mamba's attack.
A naga warrior comes into view. It is wielding a +0 flail.
The black mamba closely misses you. You furiously retaliate!
You headbutt the black mamba. The black mamba bites you.
You are more poisoned.
The black mamba poisons you!
You are too injured to fight recklessly!
You are too injured to fight recklessly!
You are too injured to fight recklessly!
You closely miss the black mamba. You headbutt the black mamba!
The black mamba is heavily wounded.
You hit the black mamba.
You feel very sick. You block the black mamba's attack.
The black mamba bites you but does no damage.
You are too injured to fight recklessly!
You slash the black mamba!
The black mamba is severely wounded.
You barely miss the black mamba.
You feel very sick. You block the black mamba's attack.
The black mamba bites you but does no damage.
You feel very sick.
The black mamba bites you but does no damage.
The black mamba attacks as it pursues you!
You block the black mamba's attack.
The naga warrior roars a battlecry!
The naga warrior goes into a battle-frenzy!
You block the black mamba's attack. The black mamba bites you!
* * * LOW HITPOINT WARNING * * *
You feel very sick.
The black mamba attacks as it pursues you!
You block the black mamba's attack.
The black mamba attacks as it pursues you!
You block the black mamba's attack. x2
Things that are here:
a +2 scimitar of holy wrath; a +0 robe You feel sick.
You block the black mamba's attack.
You feel sick. The black mamba bites you!
* * * LOW HITPOINT WARNING * * *
The black mamba bites you.
* * * LOW HITPOINT WARNING * * *
You are more poisoned.
The black mamba poisons you!
You feel extremely sick.
The black mamba attacks as it pursues you!
You block the black mamba's attack. x2; The black mamba bites you!
* * * LOW HITPOINT WARNING * * *
* * * LOW HITPOINT WARNING * * *
You feel very sick.
The black mamba attacks as it pursues you!
The black mamba bites you!
You die...

#.# #.# ##...# #.. ##.# #.....
#..######..## ##...##
###...........### ##......
###...............#####.......
#.........#'######............
.......)..#......###........##
.........)÷)#####'##........##
....##..)N..S@................
# #~~##.)S.######........##
.....##..##....##.###'#####
..N.....~..#,....##.#.....# #
........~..' ....##.#.....###
........##.#.....####....##..
........##.####### #....##...
........ ..# #...##)... .. ..
#..##.).##


You could see a naga warrior (strong) and 2 black mambas.

Vanquished Creatures
  Nikola (Snake:3)
  An ironbound preserver (D:14)
  A dire elephant (Lair:5)
  A minotaur (Gauntlet)
  Snorg (D:13)
  A fire dragon (Lair:2)
  2 ettins
  2 hydras
  Fannar (D:12)
  An ogre mage (D:15)
  A salamander tyrant (Snake:3)
  9 anacondas
  10 centaur warriors
  A catoblepas (Lair:5)
  3 naga warriors (Snake:4)
  5 two-headed ogres
  A death knight (D:12)
  7 boulder beetles
  2 tengu warriors
  A deep troll shaman (Lair:5)
  13 death yaks
  An occultist (D:15)
  3 orc high priests
  6 shock serpents
  2 skysharks
  5 salamander mystics
  6 mana vipers
  6 phantasmal warriors
  A lindwurm (Lair:2)
  5 naga ritualists
  2 necromancers (D:15)
  6 orc knights
  3 manticores
  6 ugly things (D:15)
  13 salamanders
  2 deep elf pyromancers
  4 cyclopes
  A meliai (shapeshifter) (D:14)
  A meliai (D:14)
  2 kobold blastminers (Orc:2)
  13 elephants (Lair:5)
  A torpor snail (Lair:4)
  A cane toad (shapeshifter) (D:15)
  23 black mambas
  Maggie (D:7)
  2 guardian serpents
  5 naga magi
  3 gargoyles
  10 cane toads
  2 rime drakes
  10 komodo dragons
  A kobold demonologist (D:14)
  2 tengu conjurers (D:15)
  5 trolls
  A hornet (Lair:3)
  2 polar bears (Lair:5)
  A troll (shapeshifter) (D:14)
  8 blink frogs
  Sigmund (D:3)
  5 slime creatures
  3 shadows
  A warg (Orc:2)
  3 centaur simulacra (Gauntlet)
  7 wyverns
  2 vampires (D:12)
  2 wraiths
  53 yaks
  7 basilisks
  3 steam dragons
  8 vampire mosquitoes
  The ghost of graki42 the Insei, an amateur OpSh (D:4)
  Menkaure (D:4)
  2 swamp worms (Lair:3)
  19 nagas
  2 hell hounds (Orc:1)
  2 acid dragons
  12 water moccasins
  32 orc warriors
  2 ice beasts
  2 black bears
  19 wolves
  13 ogres
  21 centaurs
  3 kobold brigands
  3 earth elementals (D:11)
  17 bullfrogs
  3 gnoll sergeants
  5 scorpions
  A cane toad simulacrum (Gauntlet)
  8 wights
  4 killer bees (D:8)
  6 howler monkeys
  2 electric eels (Lair:1)
  A crimson imp (D:3)
  2 centaur zombies (D:4)
  8 jellies
  A bombardier beetle (D:5)
  2 gnoll boudas (D:7)
  A bullfrog zombie (D:4)
  11 orc priests
  4 hounds (D:4)
  A sleepcap (D:5)
  3 iguanas
  25 orc wizards
  Robin (D:2)
  25 gnolls
  9 adders
  A shadow imp (D:7)
  3 ribbon worms
  3 dart slugs
  71 orcs
  6 bats
  7 endoplasms
  3 giant cockroaches
  14 goblins
  6 hobgoblins
  4 jackals (D:2)
  4 quokkas
  10 ball pythons
  3 frilled lizards
  A goblin zombie (D:3)
  3 hobgoblin zombies (D:3)
  25 kobolds
  A kobold skeleton (D:3)
  2 kobold zombies (D:3)
  2 orc skeletons (D:3)
  6 rats
775 creatures vanquished.

Vanquished Creatures (others)
  A naga warrior (Snake:3)
  A raiju (Gauntlet)
  A naga (Snake:3)
  A centaur (Orc:2)
4 creatures vanquished.

Grand Total: 779 creatures vanquished

Notes
Turn   | Place    | Note
-------+----------+-------------------------------------------
     0 | D:1      | Flugslaktarn the Minotaur Fighter began the quest for the
                  | Orb.
     0 | D:1      | Reached XP level 1. HP: 19/19 MP: 0/0
     8 | D:1      | You fall into a shaft and drop 1 floor!
   248 | D:1      | Found a faded altar of an unknown god.
   281 | D:1      | Prayed at the altar of an unknown god.
   281 | D:1      | Became a worshipper of Ashenzari the Shackled
   303 | D:1      | Reached XP level 2. HP: 25/27 MP: 1/1
   479 | D:1      | Reached skill level 4 in Fighting
   948 | D:2      | Reached XP level 3. HP: 27/34 MP: 2/2
  1023 | D:2      | Noticed Robin
  1033 | D:2      | Killed Robin
  1204 | D:2      | Reached XP level 4. HP: 37/41 MP: 3/3
  1365 | D:2      | Reached * piety under Ashenzari
  1365 | D:2      | Identified a scroll of acquirement
  1527 | D:3      | Found a glowing golden altar of the Shining One.
  1530 | D:3      | Reached skill level 5 in Fighting
  1534 | D:3      | Noticed Sigmund
  1536 | D:3      | Reached XP level 5. HP: 31/48 MP: 2/4
  1561 | D:3      | Killed Sigmund
  1562 | D:3      | Reached skill level 6 in Fighting
  1562 | D:3      | Reached skill level 5 in Axes
  1562 | D:3      | Reached skill level 5 in Armour
  1562 | D:3      | Reached XP level 6. HP: 10/57 MP: 2/5
  2147 | D:3      | Found a broken altar of Ashenzari.
  2197 | D:3      | Found an opulent altar of Gozag.
  2238 | D:3      | Found a white marble altar of Elyvilon.
  2262 | D:3      | Acquired the scarf "Koppi" {repulsion, Slay+2}
  2269 | D:3      | Reached ** piety under Ashenzari
  2478 | D:4      | Reached XP level 7. HP: 33/64 MP: 3/6
  2657 | D:4      | Found a staircase to the Ecumenical Temple.
  2717 | D:4      | Reached skill level 7 in Fighting
  2757 | D:4      | Found a transporter.
  2759 | D:4      | Noticed graki42's ghost (amateur OpSh)
  2767 | D:4      | Found a transporter.
  2776 | D:4      | Noticed Menkaure
  2783 | D:4      | Killed Menkaure
  2958 | D:4      | Found a radiant altar of Vehumet.
  3265 | D:5      | Entered Level 5 of the Dungeon
  3874 | D:6      | Reached skill level 8 in Fighting
  3874 | D:6      | Reached XP level 8. HP: 72/74 MP: 7/7
  5008 | D:7      | Found Zahid's Neck Hole.
  5014 | D:7      | Reached skill level 9 in Fighting
  5075 | D:7      | Bought a +2 cloak of preservation for 279 gold pieces
  5095 | D:7      | Found a transporter.
  5202 | D:7      | Reached XP level 9. HP: 57/86 MP: 6/8
  5345 | D:7      | Noticed Maggie
  5360 | D:7      | Killed Maggie
  5540 | D:7      | Found a transporter.
  5542 | D:7      | Noticed mopl's ghost (novice DjSh)
  5543 | D:7      | Identified the +9 dire flail of the Pillar {heavy, *Rage
                  | rN+ Dex+6}
  5543 | D:7      | Noticed a two-headed ogre
  5594 | D:7      | Reached skill level 10 in Fighting
  5707 | D:8      | Reached skill level 5 in Shields
  5762 | D:8      | Noticed a komodo dragon
  5776 | D:8      | Killed a komodo dragon
  5777 | D:8      | Reached skill level 10 in Axes
  6070 | D:8      | Identified the +2 helmet "Miyrrot" {rF+ rCorr Int+4}
  6187 | D:8      | Reached skill level 11 in Fighting
  6389 | D:8      | Reached XP level 10. HP: 97/97 MP: 9/9
  6690 | D:4      | Killed graki42's ghost
  6953 | D:8      | Found a staircase to the Lair.
  7411 | D:9      | Found a staircase to the Orcish Mines.
  7640 | D:9      | Identified the +4 hand axe of the Old World {freeze, rC+
                  | Will++ Dex-5}
  7773 | D:9      | Reached skill level 12 in Fighting
  7968 | D:9      | Identified the +0 sling "Jaipag" {drain, rN+++}
  8350 | D:10     | Entered Level 10 of the Dungeon
  8725 | D:10     | Reached XP level 11. HP: 89/108 MP: 7/10
  9008 | D:10     | Found a runed translucent gate.
  9009 | D:10     | Found a runed translucent gate.
  9009 | D:10     | Found a runed translucent gate.
  9011 | D:10     | Noticed Keten's ghost (novice DrSh)
  9300 | D:11     | Noticed a two-headed ogre
  9310 | D:11     | Killed a two-headed ogre
  9311 | D:11     | Reached skill level 13 in Fighting
  9605 | D:11     | Found Cireptug's Pet Rocks.
 10211 | D:11     | Found a portal to a secret trove of treasure.
 10389 | Lair:1   | Entered Level 1 of the Lair of Beasts
 10426 | Lair:1   | Reached *** piety under Ashenzari
 10502 | Lair:1   | Found a runed translucent door.
 10502 | Lair:1   | Found a shimmering altar of Xom.
 10502 | Lair:1   | Noticed a +1 war axe of chaos
 10502 | Lair:1   | Noticed p0werm0de's ghost (journeyman MiFi)
 10921 | Lair:1   | Reached skill level 10 in Armour
 11306 | Lair:1   | Reached skill level 14 in Fighting
 11765 | Lair:1   | Reached XP level 12. HP: 86/122 MP: 11/11
 12555 | Lair:2   | Noticed a fire dragon
 12565 | Lair:2   | Killed a fire dragon
 12587 | Lair:2   | Noticed a death yak
 12587 | Lair:2   | Noticed a death yak
 12588 | Lair:2   | Noticed a death yak
 12588 | Lair:2   | Noticed a death yak
 12898 | Lair:2   | Killed a death yak
 12902 | Lair:2   | Killed a death yak
 12903 | Lair:2   | Reached skill level 15 in Fighting
 12985 | Lair:2   | Killed a death yak
 13202 | Lair:2   | Killed a death yak
 13203 | Lair:2   | Reached skill level 15 in Axes
 13266 | Lair:2   | Found a staircase to the Snake Pit.
 14027 | Lair:3   | Reached skill level 10 in Shields
 14264 | Lair:3   | Reached **** piety under Ashenzari
 14445 | Lair:3   | Reached skill level 1 in Dodging
 14445 | Lair:3   | Reached XP level 13. HP: 127/136 MP: 12/12
 14573 | Lair:3   | Reached skill level 16 in Fighting
 15637 | Lair:5   | Entered Level 5 of the Lair of Beasts
 15956 | Lair:5   | Found a viscous altar of Jiyva.
 15957 | Lair:5   | Found a staircase to the Slime Pits.
 15975 | Lair:5   | Reached skill level 17 in Fighting
 16576 | Lair:5   | Reached skill level 5 in Dodging
 16803 | Lair:5   | Reached XP level 14. HP: 105/148 MP: 9/13
 17170 | Lair:5   | Reached skill level 18 in Fighting
 18075 | D:12     | Noticed Solx's ghost (journeyman HuGl)
 18078 | D:12     | Found a runed translucent door.
 18283 | D:12     | Noticed Fannar
 18304 | D:12     | Killed Fannar
 18849 | D:13     | Found a gate leading to a gauntlet.
 18854 | Gauntlet | Entered a Gauntlet
 18854 | Gauntlet | Found a transporter.
 18860 | Gauntlet | Found a runed translucent door.
 18864 | Gauntlet | Found a transporter.
 18877 | Gauntlet | Found a transporter.
 18878 | Gauntlet | Found a transporter.
 18882 | Gauntlet | Noticed a reaper
 18887 | Gauntlet | Found a transporter.
 18887 | Gauntlet | Identified the ring "Pihilule" {rElec Will+ Dex+6}
 18903 | Gauntlet | Found a transporter.
 18905 | Gauntlet | Identified the Treatise on Obstruction
 18906 | Gauntlet | Identified the +0 pair of gloves "Ustre" {rF+ Str+3}
 18915 | Gauntlet | Found a transporter.
 18918 | Gauntlet | Identified the +2 hat of Sunlih {rElec Will+}
 18919 | Gauntlet | Found a runed translucent gate.
 18919 | Gauntlet | Found a runed translucent gate.
 18919 | Gauntlet | Found a runed translucent gate.
 18925 | Gauntlet | Found a transporter.
 18928 | Gauntlet | Noticed a balrug
 18941 | Gauntlet | Found a transporter.
 18954 | Gauntlet | Found a runed translucent door.
 18955 | Gauntlet | Found a transporter.
 18955 | Gauntlet | Found a transporter.
 18956 | Gauntlet | Found a runed translucent door.
 18997 | Gauntlet | Found a transporter.
 19011 | Gauntlet | Found a transporter.
 19025 | Gauntlet | Found a transporter.
 19352 | D:13     | Found Cawuplop's Antique Armour Shop.
 19548 | D:13     | Noticed Snorg
 19561 | D:13     | Killed Snorg
 20269 | D:14     | Found a blossoming altar of Fedhas.
 20405 | D:14     | Found a shimmering altar of Xom.
 20475 | D:14     | Reached skill level 19 in Fighting
 20581 | D:14     | Found a gate to the Vaults.
 20581 | D:14     | Noticed an ironbound preserver
 20598 | D:14     | Killed an ironbound preserver
 21300 | D:15     | Entered Level 15 of the Dungeon
 21378 | D:15     | Reached XP level 15. HP: 158/158 MP: 14/14
 21758 | D:15     | Found a staircase to the Depths.
 22098 | D:15     | Reached skill level 20 in Fighting
 22429 | Orc:1    | Entered Level 1 of the Orcish Mines
 22700 | Orc:1    | Found a dark tunnel.
 22710 | Volcano  | Entered a volcano
 22840 | Orc:2    | Entered Level 2 of the Orcish Mines
 22840 | Orc:2    | Found a staircase to the Elven Halls.
 23069 | Orc:2    | Found Codekuy's Armour Shoppe.
 23455 | Orc:2    | Found Resoilad's Weapon Emporium.
 23457 | Orc:2    | Found Tetooggi's Armour Boutique.
 23459 | Orc:2    | Found Uluuss's General Store.
 23465 | Orc:2    | Bought a scroll of teleportation for 42 gold pieces
 23465 | Orc:2    | Bought a potion of haste for 140 gold pieces
 23470 | Orc:2    | Bought a +1 pair of boots of rampaging for 214 gold pieces
 23794 | Snake:1  | Entered Level 1 of the Snake Pit
 23801 | Snake:1  | Reached skill level 15 in Armour
 24040 | Snake:3  | Noticed Nikola
 24158 | Snake:3  | Killed Nikola
 24268 | Snake:3  | Reached skill level 21 in Fighting
 24290 | Snake:3  | Reached XP level 16. HP: 162/172 MP: 15/15
 24340 | Snake:4  | Entered Level 4 of the Snake Pit
 24607 | Snake:4  | HP: 7/172 [phantasmal warrior (20)]
 24617 | Snake:4  | Reached skill level 15 in Shields
 24863 | Snake:4  | Reached skill level 22 in Fighting
 25007 | Snake:4  | HP: 8/174 [poisoned by a black mamba]
 25007 | Snake:4  | Slain by a black mamba

Illustrated notes

Levels and vault maps discovered:
D:1:      amcnicky_arrival_single_pillar, layout_loops_cross,
          shapermc_ecumenical_altar_flowoftime
D:2:      layout_rooms, corexii_corridor_pit, minmay_pentomino_s2, uniq_robin
D:3:      minmay_evil_eye, layout_rooms, amcnicky_altar_gilded,
          mainiacjoe_overflow_surrounded_room, nicolae_tso_besieged_by_evil,
          elyvilon_altar_5, serial_glass, glass_columns_a, glass_columns_c,
          glass_columns_a, glass_columns_a, glass_columns_b, glass_columns_a,
          due_unseen_surprise, minmay_strange_pillars, feat_on_display,
          serial_park_tiny_2, uniq_sigmund
D:4:      layout_rooms, mainiacjoe_overflow_brackets, minmay_temple_entry_trees,
          gammafunk_ghost_mausoleum, grunt_ministairs_14,
          chequers_serial_rivers_small_a, uniq_menkaure
D:5:      layout_rooms
D:6:      layout_basic
D:7:      layout_rooms, gammafunk_ghost_smash, hex_tiny,
          nicolae_shop_sticking_my_neck_out, uniq_maggie
D:8:      layout_loops_cross, grunt_lair_entry_orc_guard_hut
D:9:      layout_loops_ring, david_orc_3
D:10:     layout_rooms, ebering_ghost_rock_garden, minmay_misc_feat_five
D:11:     layout_irregular_city, nicolae_trove_entry_crystal,
          minmay_curled_crystal, guppyfry_shop_earth
D:12:     layout_rooms, hellmonk_ghost_big_iron, minivault_10, uniq_fannar
D:13:     layout_stronghold, gauntlet_entry_generic, serial_shops, shop,
          uniq_snorg
D:14:     layout_roguey, skrybe_vaults_entry_preservation, special_room
          [special_room_orc], fedhas_altar_3, xom_shifter_show
D:15:     hangedman_depths_entry_civil_slaughter, layout_stronghold,
          minmay_misc_feat_rows
Lair:1:   layout_loops_ring, ebering_ghost_xom, nicolae_lair_lil_pond,
          grunt_megastairs_3, serial_bayou_shore_a
Lair:2:   layout_hall_layers, nicolae_snake_entry_squirm, hellmonk_talismancer
Lair:3:   layout_small_grid, palyth_hydra_swamp_entry
Lair:4:   layout_gridlike
Lair:5:   grunt_lair_end_beastmaster, layout_misc_corridors,
          minmay_slime_entry_pillars, serial_bayou_shore_b, lemuel_fruit_fields,
          grunt_megastairs_4
Snake:1:  layout_onion, serial_shops, nicolae_shop_back_alley_shop, drop_trap,
          nicolae_snake_bzzzt, minmay_shop_star
Snake:2:  layout_chambers
Snake:3:  layout_onion, basic_altar, grunt_ministairs_5,
          nicolae_triple_integral, uniq_nikola
Snake:4:  hellmonk_snake_rune_quicksilver_temple, layout_cave_town,
          serial_shops, shop, st_stairs_2, nicolae_snake_ghostly_warrior_ritual,
          grunt_megastairs_5, uniq_vashnia
Orc:1:    layout_caves, basic_altar, enter_volcano_3
Orc:2:    st_orc_rangers, layout_caves, guppyfry_orc_lava_fort

Skill      XL: |  1  2  3  4  5  6  7  8  9 10 11 12 13 14 15 16 |
---------------+-------------------------------------------------+-----
Fighting       | 4 5 6 8 9 11 12 14 15 17 19 21 22 | 22.1
Axes           | 3 4 5 6 7 9 10 12 14 15 | 15.6
Armour         | 4 5 6 7 8 9 10 11 12 14 15 16 | 16.2
Shields        | 4 5 7 8 10 11 13 14 15 | 15.2
Dodging        | 1 5 7 9 |  9.5

Action                     |  1- 3 |  4- 6 |  7- 9 | 10-12 | 13-15 | 16-18 || total
---------------------------+-------+-------+-------+-------+-------+-------++-------
  Melee: War axe           |    56 |   103 |   239 |   575 |   987 |       ||  1960
         Headbutt          |     9 |    16 |    49 |   130 |   298 |    36 ||   538
         Broad axe         |       |       |       |       |   105 |   135 ||   240
 Invoke: Curse Item        |     1 |     2 |     2 |     3 |     1 |       ||     9
         Shatter the Chain |       |       |     2 |       |     2 |       ||     4
  Evoke: Wand              |       |       |       |     6 |     9 |     1 ||    16
         Phial of floods   |       |       |       |       |     1 |       ||     1
         Condenser vane    |       |       |       |       |     1 |       ||     1
    Use: Potion            |       |     1 |     1 |     3 |     2 |     3 ||    10
         Scroll            |       |     1 |       |     5 |     5 |     1 ||    12
 Armour: Scale mail        |    57 |    19 |       |       |       |       ||    76
         Plate armour      |       |    49 |   195 |   429 |   757 |   126 ||  1556
  Dodge: Dodged            |    27 |    40 |    61 |   116 |   370 |    48 ||   662
         Repelled          |       |       |     1 |     2 |    16 |     7 ||    26
  Block: Buckler           |    14 |    17 |    26 |       |       |       ||    57
         Kite shield       |       |       |    53 |   237 |   742 |   128 ||  1160

Table legend: (Time is in decaauts)
 A = Elapsed time spent in this place.
 B = Non-inter-level travel time spent in this place.
 C = Inter-level travel time spent in this place.
 D = Time resting spent in this place.
 E = Time spent auto-exploring this place.
 F = Levels seen in this place.
 G = Mean time per level.
                   A        B        C        D        E       F      G
               +--------+--------+--------+--------+--------+-----+--------+
         Total |  24720 |  23320 |   1400 |   3478 |  15668 |  28 |  882.9 |
       Dungeon |  14980 |  13923 |   1057 |   1807 |   9902 |  15 |  998.7 |
          Lair |   7012 |   6758 |    254 |   1268 |   4338 |   5 | 1402.4 |
     Snake Pit |   1122 |   1088 |     34 |    312 |    429 |   4 |  280.5 |
  Orcish Mines |   1167 |   1113 |     54 |     91 |    752 |   2 |  583.5 |
       Volcano |     45 |     45 |      0 |      0 |     14 |   1 |   45.0 |
      Gauntlet |    392 |    392 |      0 |      0 |    233 |   1 |  392.0 |
               +--------+--------+--------+--------+--------+-----+--------+

Top non-repeatable levels by time:
  Lair:1: 2051 daAuts
  Lair:5: 1516 daAuts
     D:8: 1283 daAuts
  Lair:2: 1272 daAuts
    D:11: 1254 daAuts
     D:6: 1205 daAuts
  Lair:3: 1162 daAuts
    D:12: 1161 daAuts
    D:14: 1072 daAuts
    D:13: 1072 daAuts
  Lair:4: 1010 daAuts
     D:9: 1009 daAuts
     D:7: 996 daAuts
    D:15: 952 daAuts
     D:3: 943 daAuts
